 Dungeon Crawl Stone Soup version 0.30-a0-782-ge64f9170bb (webtiles) character file.

Game seed: 16284754605239644410

2678 mopl the Destroyer (level 9, -1/51 HPs)
             Began as an Octopode Hedge Wizard on Feb 23, 2023.
             Was a Believer of Vehumet.
             Slain by an ice beast (5 damage)
             ... on level 7 of the Dungeon.
             The game lasted 00:11:33 (7280 turns).

mopl the Destroyer (Octopode Hedge Wizard)          Turns: 7280, Time: 00:11:33

Health: -1/51      AC:  1    Str: 10    XL:     9   Next: 64%
Magic:  14/18      EV: 13    Int: 20    God:    Vehumet [**....]
Gold:   584        SH:  0    Dex: 17    Spells: 12/20 levels left

rFire   + . .      SeeInvis +    t - staff of cold
rCold   + . .      Faith    .    (no shield)
rNeg    . . .      Spirit   .    n - +0 hat
rPois   .          Reflect  .    h - amulet of magic regeneration
rElec   .          Harm     .    m - ring of protection from fire
rCorr   .          Rampage  .    F - +6 ring of dexterity
Will    .....                    G - ring of see invisible
Stlth   +++                      (no ring)
HPRegen 0.28/turn                (no ring)
MPRegen 0.56/turn                (no ring)
                                 (no ring)
                                 (no ring)

@: no status effects
A: almost no armour, amphibious, 8 rings, camouflage 1, gelatinous body 1,
(nimble swimmer 1), tentacles
a: Renounce Religion


You were on level 7 of the Dungeon.
You worshipped Vehumet.
Vehumet was pleased with you.
You visited 2 branches of the dungeon, and saw 8 of its levels.

You collected 664 gold pieces.
You spent 80 gold pieces at shops.

Inventory:

Hand Weapons
 a - a +2 dagger of venom
 k - a +0 dagger
 r - a +0 short sword of speed
 K - the +12 pair of quick blades "Gyre" and "Gimble" {protect}
   (You found it on level 7 of the Dungeon)
Missiles
 x - a throwing net
 y - 2 boomerangs
 E - 4 atropa-tipped darts
 H - 7 poisoned darts
Armour
 n - a +0 hat (worn)
Magical Staves
 b - a staff of poison
 t - a staff of cold (weapon)
 I - a staff of fire
Jewellery
 e - an amulet of the acrobat
 h - an amulet of magic regeneration (around mantle)
 i - an amulet of guardian spirit
 m - a ring of protection from fire (left tentacle)
 F - a +6 ring of dexterity (right tentacle)
 G - a ring of see invisible (on tentacle)
Wands
 v - a wand of roots (14)
 J - a wand of light (10)
Scrolls
 d - 6 scrolls of teleportation {unknown}
 g - 5 scrolls of identify {unknown}
 j - 3 scrolls of amnesia {unknown}
 l - 4 scrolls of immolation {unknown}
 u - 4 scrolls of blinking {unknown}
 w - 2 scrolls of fear {unknown}
 z - a scroll of fog {unknown}
 A - a scroll of enchant weapon {unknown}
 C - 3 scrolls of silence {unknown}
 D - a scroll of magic mapping {unknown}
Potions
 c - 4 potions of magic
 f - 2 potions of ambrosia
 o - a potion of might {unknown}
 p - 2 potions of brilliance {unknown}
 q - 4 potions of attraction {unknown}
 s - a potion of heal wounds {unknown}
 B - 2 potions of curing {unknown}


   Skills:
 - Level 2.0 Dodging
 - Level 2.6 Stealth
 + Level 6.4 Spellcasting
 * Level 8.2 Conjurations
 - Level 1.0 Summonings
 - Level 3.0 Translocations
 - Level 5.0 Poison Magic
 + Level 6.0 Evocations


You had 12 spell levels left.
You knew the following spells:

 Your Spells              Type           Power      Damage    Failure   Level
a - Magic Dart            Conj           100%       1d8       1%          1
b - Scorch                Fire           12%        2d5       16%         2
c - Mephitic Cloud        Conj/Pois/Air  24%        N/A       4%          3
e - Blink                 Tloc           36%        N/A       4%          2

Your spell library contained the following spells:

 Spells                   Type           Power      Damage    Failure   Level
 Foxfire                  Conj/Fire      88%        2x1d8     1%          1
 Hailstorm                Conj/Ice       34%        3d9       5%          3
 Cigotuvi's Dreadful Rot  Necr/Pois/Air  26%        N/A       8%          2
 Freeze                   Ice            36%        1d5       10%         1
 Slow                     Hex            24%        N/A       10%         1
 Call Imp                 Summ           10%        N/A       10%         2
 Frozen Ramparts          Ice            18%        1d3       30%         3
 Fireball                 Conj/Fire      11%        3d7       45%         5
 Summon Lightning Spire   Summ/Air       8%         N/A       63%         4
 Blade Hands              Tmut           3%         N/A       95%         5
 Iron Shot                Conj/Erth      11%        9d3       96%         6
 Starburst                Conj/Fire      11%        6d5       96%         6
 Monstrous Menagerie      Summ           5%         N/A       100%        7
 Ignition                 Fire           3%         3d4       100%        8
 Animate Armour           Summ/Erth      Unusable   N/A       N/A         4

Dungeon Overview and Level Annotations

Branches:
Dungeon (7/15)             Temple (1/1) D:4

Altars:
Ashenzari
Cheibriados
Dithmenos
Elyvilon
Gozag
Hepliaklqana
Kikubaaqudgha
Makhleb
Nemelex Xobeh
Okawaru
Ru
Sif Muna
Trog
Vehumet
Wu Jian
Xom
Yredelemnul
The Shining One

Shops:
D:1 *   D:2 *

Annotations:
D:7 2 transporters, 3 runed translucent doors, funkygono's ghost, novice FoFi


Innate Abilities, Weirdness & Mutations

You cannot wear most types of armour.
You are amphibious.
You can wear up to eight rings at the same time.
Your skin changes colour to match your surroundings (Stealth+).
Your rubbery body absorbs attacks. (AC +1, EV +1)
((You are camouflaged when in or above water. (Stealth+)))
You have tentacles for arms and can constrict up to eight enemies at once.


Message History

Aiming: Magic Dart (safe; 1% risk of failure)
Press: ? - help, Shift-Dir - straight line, f/p - ice beast
Aim: an ice beast (heavily wounded, 100% to hit)
The magic dart hits the ice beast.
The ice beast is severely wounded.
The ice beast hits you.
* * * LOW HITPOINT WARNING * * *
The ice beast freezes you. You resist.
* * * LOW HITPOINT WARNING * * *
Unknown command.
Casting: Magic Dart (safe; 1% risk of failure)
Confirm with . or Enter, or press ? or * to list all spells.
Aiming: Magic Dart (safe; 1% risk of failure)
Press: ? - help, Shift-Dir - straight line, f/p - ice beast
Aim: an ice beast (severely wounded, 100% to hit)
The magic dart hits the ice beast but does no damage.
The ice beast is severely wounded.
The ice beast closely misses you.
Unknown command.
Casting: Magic Dart (safe; 1% risk of failure)
Confirm with . or Enter, or press ? or * to list all spells.
Aiming: Magic Dart (safe; 1% risk of failure)
Press: ? - help, Shift-Dir - straight line, f/p - ice beast
Aim: an ice beast (severely wounded, 100% to hit)
The magic dart hits the ice beast.
The ice beast is almost dead.
The ice beast hits you but does no damage.
Unknown command.
Casting: Magic Dart (safe; 1% risk of failure)
Confirm with . or Enter, or press ? or * to list all spells.
Aiming: Magic Dart (safe; 1% risk of failure)
Press: ? - help, Shift-Dir - straight line, f/p - ice beast
Aim: an ice beast (almost dead, 100% to hit)
The magic dart hits the ice beast but does no damage.
The ice beast is almost dead.
You feel stable enough to blink again. The ice beast hits you.
* * * LOW HITPOINT WARNING * * *
The ice beast freezes you. You resist.
You die...

..........#.....#.....####......
.........+##'##+##'##'.##.#.#..
........#..#.....#..#....#.#..
...<...#..#+###)#..#....#.#..
#..#.....#..#....#.#..
+..+.._..+..+....#.#..
#..#.....#..#...##.#..
#..#+###+#..#.>....#.#
#..#.@...#..#..#####.#
+##Y##'##+........#
..#.....###.#.....
....#.....#.........
##+##+##'####........
#................
#.............©..
##........#######
#.......##8._.C$


You could see an ice beast.

Vanquished Creatures
  A hornet (D:7)
  A steam dragon (D:5)
  A water moccasin (D:6)
  An ice beast (D:7)
  2 ogres
  3 black bears
  A centaur (D:6)
  2 kobold brigands
  3 bullfrogs
  5 scorpions
  A necrophage (D:5)
  A wight (D:5)
  7 jellies
  An orc priest (D:3)
  5 hounds
  Jessica (D:3)
  5 iguanas
  2 orc wizards
  14 adders
  6 gnolls
  A white imp (D:7)
  An ufetubus (D:3)
  A worm (D:4)
  2 dart slugs
  10 orcs
  2 ball pythons
  7 bats
  6 endoplasms
  4 giant cockroaches
  8 goblins
  9 hobgoblins
  6 quokkas
  4 frilled lizards
  12 kobolds
  7 rats
143 creatures vanquished.

Vanquished Creatures (others)
  15 plants (D:4)
15 creatures vanquished.

Grand Total: 158 creatures vanquished

Notes
Turn   | Place    | Note
-------+----------+-------------------------------------------
     0 | D:1      | mopl the Octopode Hedge Wizard began the quest for the Orb.
     0 | D:1      | Reached XP level 1. HP: 11/11 MP: 4/4
   137 | D:1      | Reached XP level 2. HP: 17/17 MP: 1/6
   140 | D:1      | Learned a level 2 spell: Blink
   146 | D:1      | Found Paufaewy's Assorted Antiques.
   154 | D:1      | Bought an inky potion for 19 gold pieces
   606 | D:2      | Reached XP level 3. HP: 9/21 MP: 3/7
   720 | D:2      | Reached skill level 2 in Conjurations
   720 | D:2      | Reached skill level 2 in Translocations
   730 | D:2      | Reached XP level 4. HP: 12/27 MP: 5/9
   734 | D:2      | Learned a level 3 spell: Mephitic Cloud
   927 | D:2      | HP: 1/27 [acid (6)]
  1275 | D:2      | Reached skill level 1 in Poison Magic
  1275 | D:2      | Reached XP level 5. HP: 24/31 MP: 10/10
  1445 | D:2      | Found an ornate altar of the Wu Jian Council.
  1449 | D:2      | Found Fammesal's General Store.
  2003 | D:1      | Bought 2 inky potions for 39 gold pieces
  2003 | D:1      | Bought a scroll labelled XAFERPH NY JEXO for 22 gold pieces
  2543 | D:3      | Reached skill level 4 in Spellcasting
  2543 | D:3      | Reached skill level 3 in Conjurations
  2543 | D:3      | Reached skill level 2 in Poison Magic
  2543 | D:3      | Reached skill level 1 in Evocations
  2621 | D:3      | Reached skill level 3 in Translocations
  2668 | D:3      | Reached XP level 6. HP: 32/36 MP: 7/12
  3191 | D:3      | Noticed Jessica
  3200 | D:3      | Killed Jessica
  3751 | D:4      | Reached skill level 3 in Poison Magic
  3751 | D:4      | Reached skill level 2 in Evocations
  3765 | D:4      | Reached XP level 7. HP: 41/41 MP: 10/13
  3918 | D:4      | Found a staircase to the Ecumenical Temple.
  3936 | D:4      | Reached skill level 4 in Conjurations
  3944 | Temple   | Entered the Ecumenical Temple
  3944 | Temple   | Found a transporter.
  3944 | Temple   | Found a transporter.
  3946 | Temple   | Found a transporter.
  3946 | Temple   | Found a transporter.
  3960 | Temple   | Became a worshipper of Vehumet
  4604 | D:5      | Entered Level 5 of the Dungeon
  4671 | D:5      | Reached skill level 3 in Evocations
  4772 | D:5      | Reached skill level 5 in Conjurations
  4772 | D:5      | Reached skill level 4 in Poison Magic
  4772 | D:5      | Reached XP level 8. HP: 23/46 MP: 9/15
  5030 | D:5      | Reached skill level 5 in Spellcasting
  5061 | D:5      | Reached * piety under Vehumet
  5061 | D:5      | Offered knowledge of Kiss of Death by Vehumet.
  5266 | D:5      | Reached skill level 4 in Evocations
  5315 | D:5      | Reached skill level 6 in Conjurations
  5519 | D:5      | Reached skill level 5 in Poison Magic
  5755 | D:5      | Got the Notes on the Igneous Union
  5894 | D:6      | Reached XP level 9. HP: 43/51 MP: 15/17
  5910 | D:6      | Reached skill level 5 in Evocations
  5946 | D:6      | Found a shadowy altar of Dithmenos.
  6018 | D:6      | Reached skill level 7 in Conjurations
  6048 | D:6      | Found a burning altar of Makhleb.
  6338 | D:6      | Reached skill level 6 in Spellcasting
  6338 | D:6      | Found an iron altar of Okawaru.
  6352 | D:6      | Found a white marble altar of Elyvilon.
  6657 | D:6      | Found an ornate altar of the Wu Jian Council.
  6962 | D:7      | Noticed a two-headed ogre
  6970 | D:7      | Found a transporter.
  6974 | D:7      | Noticed a cyclops
  6975 | D:7      | Noticed a centaur warrior
  6976 | D:7      | Found a transporter.
  6986 | D:7      | Found an opulent altar of Gozag.
  6995 | D:7      | Found a sacrificial altar of Ru.
  7002 | D:7      | Offered knowledge of Scorch by Vehumet.
  7017 | D:7      | Learned a level 2 spell: Scorch
  7025 | D:7      | Found a runed translucent gate.
  7026 | D:7      | Found a runed translucent gate.
  7027 | D:7      | Found a runed translucent gate.
  7027 | D:7      | Noticed a two-headed ogre
  7027 | D:7      | Noticed funkygono's ghost (novice FoFi)
  7051 | D:7      | Found the +12 pair of quick blades "Gyre" and "Gimble"
                  | {protect}
  7137 | D:7      | Noticed a hornet
  7151 | D:7      | Killed a hornet
  7151 | D:7      | Reached ** piety under Vehumet
  7152 | D:7      | Reached skill level 8 in Conjurations
  7173 | D:7      | Found a broken altar of Ashenzari.
  7198 | D:7      | Noticed a skeletal warrior
  7247 | D:7      | Reached skill level 6 in Evocations
  7280 | D:7      | Slain by an ice beast

Illustrated notes

Levels and vault maps discovered:
D:1:      spicycebolla_arrival_ecumenical, layout_rooms, serial_shops, shop
D:2:      layout_loops_ring, basic_altar, serial_shops, shop,
          serial_co_window_serial, co_window_paths_a, co_window_paths_a,
          co_window_corner_a, co_window_paths_a, co_window_cross_1,
          co_window_paths_b, co_window_broadway_c, co_window_corner_b,
          co_window_corner_b, co_window_unsneaky_path_d, co_window_broadway_a,
          co_window_paths_e, glass_columns_c
D:3:      minmay_chambers_of_threes, layout_basic, minmay_misc_feat_tiny,
          uniq_jessica
D:4:      layout_loops_corners, minmay_temple_entry_hall,
          lexackson_kobold_supper
D:5:      minmay_polygon_palace, layout_basic
D:6:      layout_basic, mainiacjoe_overflow_paths,
          nicolae_wu_jian_glorious_leap, nicolae_dithmenos_the_darkroom,
          okawaru_metal_pillars_1_2, makhleb_blood_cavern_becter,
          serial_co_window_serial, co_window_of_opportunity_a,
          co_window_of_opportunity_a, co_window_paths_b,
          co_window_of_opportunity_a, co_window_of_opportunity_a,
          co_window_of_opportunity_b, co_window_paths_c, co_window_2corner,
          co_window_broadway_c, co_window_paths_c, glass_columns_a,
          glass_columns_b
D:7:      layout_basic, mainiacjoe_overflow_24_doors,
          gammafunk_temple_overflow_arena, gammafunk_ghost_split, uniq_pikel
Temple:   hellmonk_temple_divided_pantheon

Skill      XL: |  1  2  3  4  5  6  7  8  9 |
---------------+----------------------------+-----
Conjurations   | 2 3 5 6 8 |  8.2
Translocations | 2 3 |  3.0
Poison Magic   | 1 2 3 4 5 |  5.0
Spellcasting   | 4 5 6 |  6.4
Evocations     | 1 2 3 4 6 |  6.0
Dodging        | |  2.0
Stealth        | |  2.6
Summonings     | |  1.0

Action                     |  1- 3 |  4- 6 |  7- 9 || total
---------------------------+-------+-------+-------++-------
  Melee: Dagger            |    28 |    17 |    24 ||    69
         Tentacles         |     6 |    15 |    23 ||    44
         Constrict         |     5 |    17 |    28 ||    50
         Short sword       |       |    48 |       ||    48
         Staff             |       |     4 |    70 ||    74
         Punch             |       |       |     1 ||     1
   Cast: Magic Dart        |    25 |   118 |   215 ||   358
         Mephitic Cloud    |       |       |    12 ||    12
         Blink             |       |       |     2 ||     2
    Use: Potion            |       |     1 |       ||     1
   Stab: Sleeping          |     7 |     7 |     1 ||    15
         Confused          |       |       |     5 ||     5
 Armour: Skin              |     2 |     7 |     9 ||    18
  Dodge: Dodged            |    21 |    42 |    78 ||   141

Table legend: (Time is in decaauts)
 A = Elapsed time spent in this place.
 B = Non-inter-level travel time spent in this place.
 C = Inter-level travel time spent in this place.
 D = Time resting spent in this place.
 E = Time spent auto-exploring this place.
 F = Levels seen in this place.
 G = Mean time per level.
                   A        B        C        D        E       F      G
               +--------+--------+--------+--------+--------+-----+--------+
         Total |   7270 |   6905 |    365 |   1273 |   4390 |   8 |  908.8 |
       Dungeon |   7231 |   6874 |    357 |   1273 |   4390 |   7 | 1033.0 |
        Temple |     39 |     31 |      8 |      0 |      0 |   1 |   39.0 |
               +--------+--------+--------+--------+--------+-----+--------+

Top non-repeatable levels by time:
     D:2: 1584 daAuts
     D:5: 1259 daAuts
     D:3: 1243 daAuts
     D:6: 1094 daAuts
     D:4: 1087 daAuts
     D:1: 638 daAuts
     D:7: 322 daAuts
  Temple: 39 daAuts
